Map: King Sejong Station LE

Players

cLoaK - Winner!

  • Race: Terran Terran

blackxored

  • Race: Zerg Zerg
  • League: Diamond

VOD

Have the link to the VOD?

Description

Time

  • Played on: July 3, 2016, 3:46 p.m.
  • Length: 13:24
Show
View Real Time Build Order
Export as new Build Order

cLoaK Terran - Winner!

Build Orders: Hellion Opening, Mech 

Get SALT Encoding   

  12  0:01  SCV  
  13  0:13  SCV  
  14  0:17  Supply Depot  
  14  0:25  SCV  
  15  0:35  Refinery  
  15  0:39  SCV  
  16  0:44  Barracks  
  16  0:51  SCV  
  17  1:05  SCV  
  18  1:17  SCV  
  19  1:31  Orbital Command  
  19  1:32  Marine  
  20  1:33  Supply Depot  
  20  1:37  Factory  
  20  1:58  SCV  
  21  2:12  Factory  
  21  2:16  SCV  
  22  2:29  Command Center  
  22  2:31  Factory Reactor  
  22  2:33  Marine  
  22  2:36  SCV  
  24  2:42  Supply Depot  
  24  2:48  SCV  
  25  2:52  Marine  
  25  2:56  Factory Reactor  
  26  3:00  SCV  
  27  3:06  Supply Depot  
  27  3:09  Hellion x2  
  27  3:10  Marine  
  27  3:12  SCV  
  33  3:30  Hellion x2  
  33  3:32  Hellion  
  33  3:33  Hellion  
  33  3:34  Marine  
  42  3:41  Orbital Command  
  42  3:51  Widow Mine  
  42  3:52  Hellion  
  46  3:56  Hellion  
  46  3:57  Hellion  
  46  3:58  Orbital Command  
  50  4:13  Hellion  
  52  4:17  Hellion  
  52  4:21  Supply Depot  
  54  4:27  Bunker  
  54  4:34  Hellion, Widow Mine x2  
  54  4:35  Marine  
  57  4:50  Hellion  
  55  4:53  Marine  
  37  5:29  SCV x2  
  37  5:36  Refinery  
  37  5:37  Command Center  
  37  5:41  SCV  
  37  5:42  SCV  
  36  5:44  Factory x2, Starport  
  36  5:47  Armory  
  32  5:51  Refinery  
  32  5:53  SCV  
  32  5:54  SCV  
  34  6:01  Hellion x4  
  39  6:06  SCV x2  
  41  6:18  SCV x2  
  43  6:23  Hellion  
  43  6:24  Hellion  
  47  6:27  Hellion  
  47  6:28  Hellion  
  47  6:30  SCV x2, Factory Tech Lab  
  47  6:31  Factory Tech Lab  
  47  6:42  SCV x2  
  47  6:45  Marine, Hellion x2  
  47  6:57  Hellion x2  
  47  6:58  Hellion  
  47  6:59  Siege Tank  
  46  7:12  Hellion  
  46  7:13  Hellion  
  50  7:22  Hellion  
  50  7:23  Hellion  
  50  7:29  Hellion  
  50  7:41  Hellion x2  
  50  7:42  SCV  
  51  7:49  SCV  
  51  7:51  Orbital Command  
  52  7:58  Hellion  
  54  8:05  Hellion  
  56  8:17  Siege Tank, Widow Mine x2  
  63  8:25  SCV x2  
  65  8:39  Hellion x3  
  70  8:46  Hellion  
  67  9:04  Marine  
  67  9:05  Engineering Bay  
  54  9:32  Siege Tank  
  54  9:35  Thor  
  54  9:36  Widow Mine  
  61  9:42  SCV  
  61  9:43  SCV  
  60  10:17  Refinery  
  60  10:18  Command Center, Missile Turret  
  60  10:21  Starport Reactor, Terran Vehicle Weapons Level 1, Missile Turret  
  60  10:25  Thor  
  60  10:26  Hellbat  
  60  10:27  Hellbat x2  
  72  10:42  Thor  
  78  10:43  Hellbat  
  78  10:47  Widow Mine  
  82  11:03  Widow Mine  
  84  11:23  Supply Depot  
  84  11:24  Supply Depot x2  
  84  11:29  Widow Mine x3  
  84  11:30  Supply Depot, Medivac x2, Siege Tank  
  97  11:34  Planetary Fortress  
  97  11:37  SCV  
  98  12:16  Thor, Widow Mine  
  98  12:17  Siege Tank, Widow Mine  
  98  12:18  Hellbat x2  
  115  12:23  SCV x4  
  119  12:35  SCV  
  120  12:38  Sensor Tower  
  120  12:40  Hellbat  
  122  12:53  Widow Mine x2  
Show
View Real Time Build Order
Export as new Build Order

blackxored Zerg 

Build Orders: Hatch First 

Get SALT Encoding   

  12  0:01  Drone  
  13  0:11  Drone  
  14  0:19  Overlord  
  14  0:25  Extractor, Drone  
  15  0:40  Drone x2  
  17  0:59  Hatchery  
  17  1:00  Drone  
  17  1:06  Extractor  
  17  1:08  Drone  
  17  1:16  Extractor  
  16  1:22  Spawning Pool  
  16  1:24  Extractor  
  15  1:26  Drone x2  
  15  1:29  Drone  
  19  1:40  Overlord  
  18  1:55  Drone  
  19  2:08  Drone  
  20  2:13  Queen  
  22  2:24  Queen, Hatchery  
  22  2:27  Zergling x2  
  24  2:32  Zergling x2  
  25  2:37  Metabolic Boost  
  26  2:44  Drone x2  
  26  2:47  Drone  
  28  2:57  Drone x3  
  31  3:03  Pneumatized Carapace  
  31  3:11  Drone  
  31  3:12  Drone x2  
  34  3:27  Drone x2  
  34  3:28  Overlord  
  36  3:35  Overlord  
  36  3:42  Drone x5  
  36  3:43  Drone  
  36  3:45  Overlord  
  42  3:55  Drone  
  42  3:56  Baneling Nest  
  42  4:02  Spine Crawler  
  40  4:07  Queen x2  
  44  4:11  Queen  
  47  4:17  Spore Crawler, Drone  
  47  4:21  Zergling x6  
  47  4:23  Zergling x2  
  50  4:24  Zergling x2  
  51  4:34  Zergling x12  
  55  4:45  Zergling x8  
  37  4:54  Zergling x2  
  37  4:55  Zergling x4  
  37  4:59  Zergling x2  
  37  5:02  Zergling x4  
  37  5:04  Baneling x3  
  37  5:05  Baneling x2  
  38  5:10  Zergling x2  
  27  5:24  Drone x5  
  31  5:38  Zergling x2  
  31  5:39  Zergling x4  
  31  5:50  Zergling x2  
  31  5:51  Zergling x6  
  31  5:55  Queen  
  37  6:03  Zergling x6  
  40  6:10  Zergling x4  
  42  6:16  Zergling x4  
  44  6:29  Baneling x2  
  44  6:31  Zergling x2  
  44  6:32  Zergling x12  
  47  6:40  Zergling x6  
  47  6:55  Zergling x6  
  47  6:58  Baneling x4  
  47  6:59  Baneling  
  49  7:04  Zergling x10  
  50  7:10  Zergling x4  
  47  7:20  Zergling x2  
  47  7:21  Zergling x4  
  40  7:30  Zergling x2  
  40  7:31  Zergling x4  
  42  7:44  Zergling x8  
  46  7:51  Zergling x2  
  47  7:59  Zergling x4  
  47  8:02  Zergling x2  
  47  8:03  Zergling x6  
  53  8:07  Queen  
  53  8:09  Zergling x6  
  40  8:20  Drone  
  40  8:21  Roach Warren  
  39  8:34  Spine Crawler  
  32  9:00  Roach x2  
  32  9:01  Roach x4  
  40  9:05  Roach  
  40  9:23  Roach x3  
  28  9:34  Drone  
  29  9:49  Drone  
  30  9:59  Drone  
  31  10:08  Drone  
  32  10:18  Drone  
  33  10:26  Drone  
  34  10:32  Drone  
  35  10:37  Drone  
  35  10:42  Drone  
  37  10:50  Drone  
  37  10:53  Drone  
  39  10:59  Drone  
  40  11:05  Drone x2  
  42  11:17  Drone x3  
  44  11:31  Zergling x8  
  48  11:34  Zergling x2  
  48  11:35  Zergling x2  
  50  11:48  Roach  
  50  11:49  Roach  
  50  11:50  Zergling x4  
  50  11:53  Zergling x2  
  57  12:03  Extractor, Drone x3  
  59  12:12  Spore Crawler  
  57  12:20  Roach  
  59  12:27  Roach  
  61  12:30  Roach  
  61  12:31  Spore Crawler  
  62  12:46  Roach  
  64  12:51  Overlord  
Tags
 
Add a new tag
Caveats
  • Supply blocks, unpowered buildings, or Contaminate may cause inaccurate times.
  • Supply counts are checked every 10 seconds.